 Dungeon Crawl Stone Soup version 0.28.0-53-g5a82cb258f (webtiles) character file.

Game seed: 3588718407034945111

2809 SanguineChosen the Basher (level 9, -18/56 HPs)
             Began as a Gargoyle Fighter on July 20, 2022.
             Demolished by a komodo dragon (25 damage)
             ... on level 7 of the Dungeon.
             The game lasted 00:21:58 (7078 turns).

SanguineChosen the Basher (Gargoyle Fighter)        Turns: 7078, Time: 00:21:59

Health: -18/56     AC: 16    Str: 23    XL:     9   Next: 72%
Magic:  9/9        EV: 10    Int: 10    God:
Gold:   224        SH:  4    Dex:  9    Spells: 8/8 levels left

rFire   . . .      SeeInvis .   r - +3 morningstar (holy)
rCold   + . .      Faith    .   c - +0 buckler
rNeg    + . .      Spirit   .   b - +0 scale mail
rPois   ∞          Reflect  .   p - +0 helmet
rElec   +          Harm     .   w - +0 cloak
rCorr   .          Rampage  .   (no gloves)
Will    .....                   (no boots)
Stlth   ..........              u - amulet of regeneration
HPRegen 0.98/turn               t - ring of protection from cold
MPRegen 0.11/turn               (no ring)

@: invisible
A: sickness immunity, AC +6, negative energy resistance 1, electricity
resistance, torment resistance 1, petrification resistance
a: no special abilities


You were on level 7 of the Dungeon.
You visited 1 branch of the dungeon, and saw 7 of its levels.

You collected 364 gold pieces.
You spent 140 gold pieces at shops.

Inventory:

Hand Weapons
 a - a +0 flail
 r - a +3 morningstar of holy wrath (weapon)
Missiles
 e - 13 poisoned darts (quivered)
Armour
 b - a +0 scale mail (worn)
 c - a +0 buckler (worn)
 p - a +0 helmet (worn)
 w - a +0 cloak (worn)
Jewellery
 t - a ring of protection from cold (left hand)
 u - an amulet of regeneration (around neck)
Scrolls
 f - a scroll of fog {unknown}
 h - 6 scrolls of identify
 o - a scroll of teleportation
Potions
 d - a potion of might
 g - a potion of invisibility
 i - a potion of degeneration {unknown}
 k - a potion of cancellation {unknown}
 l - a potion of ambrosia
 m - a potion of mutation {unknown}
 n - a potion of haste {unknown}
 q - a potion of attraction {unknown}


   Skills:
 + Level 6.7 Fighting
 + Level 9.0 Maces & Flails
 + Level 2.2 Throwing
 + Level 7.1 Armour
 + Level 2.4 Dodging
 + Level 0.4 Stealth
 + Level 5.1 Shields


You had 8 spell levels left.
You didn't know any spells.
Your spell library contained the following spells:

 Spells                   Type           Power      Damage    Failure   Level
 Wereblood                Tmut           0%         N/A       86%         2
 Dazzling Flash           Conj/Hex       0%         N/A       98%         3
 Iskenderun's Mystic Bla  Conj/Tloc      0%         2d3       100%        4
 Dispersal                Tloc           0%         N/A       100%        6
 Starburst                Conj/Fire      0%         6d3       100%        6
 Summon Hydra             Summ           0%         N/A       100%        7
 Disjunction              Tloc           0%         N/A       100%        8
 Sublimation of Blood     Necr           Unusable   N/A       N/A         2

Dungeon Overview and Level Annotations

Branches:
Dungeon (7/15)             Temple (0/1) D:4

Altars:
Xom

Shops:
D:2 (

Annotations:
D:4 2 transporters, DocClef's ghost, amateur GnFE
D:7 2 runed translucent doors


Innate Abilities, Weirdness & Mutations

You are immune to sickness and miasma.
Your stone body is resilient. (AC +6)
You are immune to poison.
You resist negative energy. (rN+)
You are resistant to electric shocks. (rElec)
You are resistant to unholy torment.
You are immune to petrification.


Message History

The komodo dragon bites you but does no damage.
You closely miss the komodo dragon.
The komodo dragon is heavily wounded.
The komodo dragon bites you! The komodo dragon closely misses you.
You barely miss the komodo dragon.
The komodo dragon is heavily wounded.
The komodo dragon bites you!
You hit the komodo dragon.
The komodo dragon is heavily wounded.
The komodo dragon closely misses you.
You hit the komodo dragon.
The komodo dragon is heavily wounded.
The komodo dragon bites you!
You hit the komodo dragon but do no damage.
The komodo dragon is heavily wounded.
The komodo dragon bites you but does no damage.
You barely miss the komodo dragon.
The komodo dragon is heavily wounded.
The komodo dragon bites you!!
* * * LOW HITPOINT WARNING * * *
You feel much better. The komodo dragon bites you!
You puncture the komodo dragon!
The komodo dragon is almost dead.
The komodo dragon bites you!!
* * * LOW HITPOINT WARNING * * *
You feel much better. The komodo dragon bites you!
* * * LOW HITPOINT WARNING * * *
You feel much better. The komodo dragon bites you!!
* * * LOW HITPOINT WARNING * * *
You fade into invisibility!
The komodo dragon closely misses you. The komodo dragon bites you.
* * * LOW HITPOINT WARNING * * *
The iguana closely misses you. The komodo dragon bites you!
* * * LOW HITPOINT WARNING * * *
The iguana barely misses you.
There is a stone staircase leading up here.
The komodo dragon bites you!!
You die...

################
##.....##.......#
#####.......#...@l..#
....>...(........ll.#
####...............l#
#..............l.#
####................#
.)))................#
.###................#####
.###..................†l##
..##..........#..######..#


You could see a komodo dragon, an iguana and 3 frilled lizards.

Vanquished Creatures
  Pikel (D:7)
  A water moccasin (D:6)
  An orc warrior (D:7)
  A hornet zombie (D:7)
  Duvessa (D:4)
  2 sky beasts
  2 ice beasts
  4 ogres
  2 lemures (D:7)
  2 bullfrogs
  A scorpion (D:4)
  2 water moccasin zombies (D:5)
  2 wyvern skeletons (D:7)
  Dowan (D:4)
  A centaur zombie (D:7)
  A bullfrog zombie (D:5)
  3 hounds
  Crazy Yiuf (D:7)
  2 bullfrog skeletons
  Natasha (thrice) (D:2)
  7 iguanas
  3 orc wizards
  A killer bee zombie (D:6)
  2 hound skeletons
  3 gnolls (D:6)
  3 adders
  An ufetubus (D:4)
  An adder skeleton (D:4)
  A worm (D:4)
  A dart slug (D:2)
  18 orcs
  4 bats
  7 endoplasms
  2 giant cockroaches
  9 goblins
  11 hobgoblins
  3 jackals (D:3)
  4 quokkas
  8 ball pythons
  3 frilled lizards
  9 kobolds
  6 rats
141 creatures vanquished.

Vanquished Creatures (others)
  An orc wizard (D:5)
  7 plants (D:7)
8 creatures vanquished.

Grand Total: 149 creatures vanquished

Notes
Turn   | Place    | Note
-------+----------+-------------------------------------------
     0 | D:1      | SanguineChosen the Gargoyle Fighter began the quest for the
                  | Orb.
     0 | D:1      | Reached XP level 1. HP: 14/14 MP: 1/1
   282 | D:1      | Reached XP level 2. HP: 17/19 MP: 2/2
  1087 | D:2      | Reached XP level 3. HP: 23/23 MP: 3/3
  1318 | D:2      | Found Sappelae's Antique Weapon Boutique.
  1633 | D:2      | Found a shimmering altar of Xom.
  1685 | D:2      | Noticed Natasha
  1732 | D:2      | Killed Natasha
  1733 | D:2      | Reached XP level 4. HP: 3/28 MP: 4/4
  2172 | D:2      | Noticed Natasha
  2184 | D:2      | Killed Natasha
  2185 | D:2      | Reached skill level 3 in Maces & Flails
  3021 | D:2      | Noticed Natasha
  3031 | D:2      | Killed Natasha
  3032 | D:2      | Reached XP level 5. HP: 19/33 MP: 5/5
  4056 | D:4      | Reached skill level 1 in Dodging
  4151 | D:4      | Reached XP level 6. HP: 30/38 MP: 6/6
  4267 | D:4      | Found a staircase to the Ecumenical Temple.
  4279 | D:4      | Reached skill level 4 in Maces & Flails
  4373 | D:2      | Bought a runed morningstar for 140 gold pieces
  4575 | D:4      | Found a transporter.
  4581 | D:4      | Noticed DocClef's ghost (amateur GnFE)
  4582 | D:4      | Found a transporter.
  4894 | D:5      | Entered Level 5 of the Dungeon
  4894 | D:5      | Noticed Duvessa
  4894 | D:5      | Noticed Dowan
  4954 | D:4      | Killed Duvessa
  4955 | D:4      | Reached skill level 5 in Armour
  4959 | D:4      | Killed Dowan
  4960 | D:4      | Reached skill level 5 in Fighting
  4996 | D:5      | Noticed a sky beast
  5015 | D:5      | Reached XP level 7. HP: 44/44 MP: 7/7
  5034 | D:5      | Reached skill level 5 in Maces & Flails
  5191 | D:5      | Reached XP level 8. HP: 47/50 MP: 8/8
  5290 | D:5      | Reached skill level 6 in Maces & Flails
  5812 | D:6      | Reached skill level 1 in Throwing
  6117 | D:6      | Reached skill level 7 in Maces & Flails
  6360 | D:7      | Reached XP level 9. HP: 53/55 MP: 9/9
  6386 | D:7      | Reached skill level 5 in Shields
  6418 | D:7      | Reached skill level 8 in Maces & Flails
  6738 | D:7      | Noticed Pikel
  6764 | D:7      | Killed Pikel
  6781 | D:7      | Found a runed translucent door.
  6783 | D:7      | Found a runed translucent door.
  6920 | D:7      | Found a runed translucent door.
  6921 | D:7      | Noticed Crazy Yiuf
  6926 | D:7      | Killed Crazy Yiuf
  7038 | D:7      | Noticed a komodo dragon
  7051 | D:7      | Reached skill level 9 in Maces & Flails
  7078 | D:7      | Demolished by a komodo dragon

Illustrated notes

Levels and vault maps discovered:
D:1:      tarquinn_simple_flora_water_d, layout_loops_ring
D:2:      layout_loops_corners, basic_altar, serial_shops, nicolae_shop_trees,
          kennysheep_cluttered_room, ebering_dispersal_statue_hall,
          minmay_between, uniq_natasha
D:3:      layout_basic, st_stairs_6, kennysheep_big_empty_room,
          minmay_misc_feat_diagonals, kennysheep_generic_room_11
D:4:      layout_cave_pools, minmay_temple_entry_glass, gammafunk_ghost_arena,
          serial_rivers, chequers_serial_rivers_micro_a,
          chequers_serial_rivers_micro_c, chequers_serial_rivers_micro_c,
          chequers_serial_rivers_micro_a, chequers_serial_rivers_small_a,
          corexii_corridor_pit
D:5:      layout_rooms, uniq_duvessa
D:6:      layout_basic
D:7:      lemuel_insect_pit, layout_rooms, minmay_lizard_king,
          uniq_crazy_yiuf_cottage, uniq_pikel

Skill      XL: |  1  2  3  4  5  6  7  8  9 |
---------------+----------------------------+-----
Armour         | 4 5 6 7 |  7.1
Maces & Flails | 3 4 5 7 9 |  9.0
Fighting       | 4 5 6 |  6.7
Dodging        | 1 2 |  2.4
Shields        | 4 5 |  5.1
Throwing       | 1 2 |  2.2
Stealth        | |  0.4

Action                   |  1- 3 |  4- 6 |  7- 9 || total
-------------------------+-------+-------+-------++-------
Melee: Flail             |   121 |   137 |       ||   258
       Unarmed           |     7 |       |       ||     7
       Morningstar       |       |    47 |   273 ||   320
Throw: Dart              |       |       |    38 ||    38
  Use: Scroll            |       |     9 |     2 ||    11
       Potion            |       |     1 |     4 ||     5
Armor: Scale mail        |    83 |   131 |   169 ||   383
Dodge: Dodged            |    68 |   102 |   113 ||   283
Block: Buckler           |    18 |    44 |    55 ||   117
